 Dungeon Crawl Stone Soup version 0.15.1-3-g1b33baa (webtiles) character file.

292 Johnny the Chiller (level 5, 0/45 HPs)
             Began as a Demigod Ice Elementalist on Oct 6, 2014.
             Slain by Edmund
             ... wielding a +0 flail of crushing
              (1 damage)
             ... on Level 4 of the Dungeon.
             The game lasted 00:11:50 (3378 turns).

Johnny the Chiller (Demigod Ice Elementalist)       Turns: 3378, Time: 00:11:50

HP   0/45        AC  6     Str 10 (11) XL: 5   Next: 84%
MP   0/12        EV  9     Int 21      God:
Gold 119         SH  0     Dex 17      Spells:  2 memorised,  4 levels left

rFire  . . .     SeeInvis .     r - +0 morningstar
rCold  . . .     Clarity  .     d - +0 ring mail
rNeg   . . .     rCorr    .     (no shield)
rPois  .         rRot     .     (no helmet)
rElec  .         Spirit   .     (no cloak)
SustAb .         Warding  .     j - +0 pair of gloves
rMut   .         Stasis   .     (no boots)
Gourm  .                        h - cursed amulet of inaccuracy
MR     .....                    (no ring)
                                t - +1 ring of slaying

@: very slightly contaminated, not resistant to hostile enchantments, unstealthy
A: mutation resistance 1, robust 1
a: no special abilities


You were on level 4 of the Dungeon.
You were near starving.

You visited 1 branch of the dungeon, and saw 4 of its levels.

You collected 119 gold pieces.

Inventory:

Hand weapons
 f - a -2 falchion
 g - a +0 club
 i - a +0 dagger
 r - a +0 morningstar (weapon)
Armour
 a - a +0 robe
 d - a +0 ring mail (worn)
 j - a +0 pair of gloves (worn)
Comestibles
 c - 4 bread rations
 n - a meat ration
Scrolls
 o - a scroll of amnesia
Jewellery
 h - a cursed amulet of inaccuracy (around neck)
 t - a +1 ring of slaying (left hand)
Potions
 l - a potion of curing
Books
 b - a book of Frost

   Spells                             Type                      Level
   *Freeze                            Ice                          1
   Throw Frost                        Conjuration/Ice              2
   Ozocubu's Armour                   Charms/Ice                   3
   Throw Icicle                       Conjuration/Ice              4
   *Summon Ice Beast                  Ice/Summoning                4
   Condensation Shield                Ice                          4


   Skills:
 * Level 2.2 Fighting
 + Level 1.2 Armour
 + Level 2.8 Dodging
 + Level 2.2 Stealth
 * Level 2.7 Spellcasting
   Level 0.8 Conjurations
 * Level 1.1 Summonings
 * Level 3.8 Ice Magic


You had 4 spell levels left.
You knew the following spells:

 Your Spells              Type           Power        Failure   Level  Hunger
a - Freeze                Ice            ###.         6%          1    None
b - Summon Ice Beast      Ice/Summ       ##......     85%         4    ####...


Dungeon Overview and Level Annotations

Branches:
Dungeon (4/15)
 Temple: D:4-7

Annotations:
D:3 Grinder, Jessica
D:4 Edmund; teukkam's ghost, average DrWr


Innate Abilities, Weirdness & Mutations

You are somewhat resistant to further mutation.
You are robust (+10% HP).


Message History

You freeze Edmund.
Edmund is almost dead.
Edmund hits you with a glowing flail.
You closely miss Edmund.
Edmund is almost dead.
Edmund hits you with a glowing flail.
You barely miss Edmund.
Edmund is almost dead.
Edmund hits you with a glowing flail.
* * * LOW HITPOINT WARNING * * *
x2 You miss Edmund.
Edmund is almost dead.
Edmund hits you with a glowing flail.
* * * LOW HITPOINT WARNING * * *
x2 Edmund hits you with a glowing flail.
* * * LOW HITPOINT WARNING * * *
x2 You barely miss Edmund.
Edmund is almost dead.
Edmund hits you with a glowing flail.
You die...

#...#
#...########
#...#?......
#...########
#...# #...#
#...#
##########...#
#.....@@.#...#
#.########...#
#.# #...# #.#
#...# #.#####
##...# #.....#
#....#
###...###.#.##
#...#...#.#
#..##.#.#.#


You could see Edmund.

Vanquished Creatures
  Sigmund (D:2)
  Terence (D:3)
  10 adders
  5 worms
  3 giant geckos
  An ooze (D:2)
  4 orcs
  6 hobgoblins
  8 jackals
  8 kobolds
  2 quokkas (D:2)
  A ball python (D:2)
  7 bats
  4 giant cockroaches
  3 giant newts
  12 goblins
  10 rats
86 creatures vanquished.

Vanquished Creatures (others)
  An ice beast (D:3)
1 creature vanquished.

Grand Total: 87 creatures vanquished

Notes
Turn   | Place    | Note
--------------------------------------------------------------
     0 | D:1      | Johnny, the Demigod Ice Elementalist, began the quest for the Orb.
     0 | D:1      | Reached XP level 1. HP: 14/14 MP: 3/3
   267 | D:1      | Reached XP level 2. HP: 19/22 MP: 2/4
   670 | D:1      | Reached skill level 1 in Fighting
   898 | D:1      | Reached skill level 3 in Ice Magic
  1088 | D:1      | Reached XP level 3. HP: 23/28 MP: 3/7
  1331 | D:2      | Noticed Sigmund
  1342 | D:2      | Killed Sigmund
  1342 | D:2      | Reached skill level 1 in Armour
  1342 | D:2      | Reached XP level 4. HP: 26/36 MP: 1/11
  1349 | D:2      | Learned a level 4 spell: Summon Ice Beast
  1562 | D:2      | Reached XP level 5. HP: 13/41 MP: 0/12
  2191 | D:3      | Noticed Jessica
  2364 | D:3      | Noticed Terence
  2377 | D:3      | Killed Terence
  2377 | D:3      | Reached skill level 1 in Summonings
  2453 | D:3      | Noticed Grinder
  2461 | D:3      | Gained mutation: You are somewhat resistant to further mutation. [potion of mutation]
  2461 | D:3      | Gained mutation: You are robust (+10% HP). [potion of mutation]
  2475 | D:3      | Paralysed by Grinder for 2 turns
  2485 | D:3      | Paralysed by Grinder for 3 turns
  2987 | D:4      | Found a shattered altar of Ashenzari.
  3177 | D:4      | Noticed teukkam's ghost (average DrWr)
  3190 | D:4      | Noticed Edmund
  3377 | D:4      | HP: 2/45 [Edmund/glowing flail (3)]
  3378 | D:4      | Slain by Edmund

Action                   |  1- 3 |  4- 6 || total
-------------------------+-------+-------++-------
Melee: Club              |    19 |       ||    19
       Unarmed           |     8 |       ||     8
       Dagger            |    54 |    27 ||    81
       Morningstar       |       |    36 ||    36
       Falchion          |       |     5 ||     5
 Cast: Freeze            |    41 |   116 ||   157
       Summon Ice Beast  |       |     1 ||     1
  Use: Potion            |       |    10 ||    10
       Scroll            |       |     7 ||     7
 Stab: Sleeping          |       |     2 ||     2
  Eat: Chunk             |     2 |     6 ||     8
